 Dungeon Crawl Stone Soup version 0.25-a0-697-g890751e744 (webtiles) character file.

Game seed: 1760988269776129863, levelgen mode: deterministic

18 nono the Chucker (level 2, -1/16 HPs)
             Began as a Vine Stalker Hunter on Mar 31, 2020.
             Slain by a hobgoblin
             ... wielding a +0 club
              (4 damage)
             ... on level 1 of the Dungeon.
             The game lasted 00:01:21 (135 turns).

nono the Chucker (Vine Stalker Hunter)               Turns: 135, Time: 00:01:22

Health: -1/16      AC:  3    Str: 14    XL:     2   Next: 66%
Magic:  0/3        EV: 12    Int: 11    God:
Gold:   9          SH:  0    Dex: 14    Spells: 1/1 levels left

rFire    . . .     SeeInvis +   a - +0 short sword
rCold    . . .     Gourm    .   (no shield)
rNeg     . . .     Faith    .   b - +0 leather armour
rPois    .         Spirit   +   (no helmet)
rElec    .         Reflect  .   (no cloak)
rCorr    .         Harm     .   (no gloves)
MR       .....                  (no boots)
Stlth    ++........             (no amulet)
HPRegen  0.05/turn              e - ring of see invisible
MPRegen  0.08/turn              (no ring)

@: no status effects
A: fangs 2, magic shield, antimagic bite, no potion heal 3, rot immunity
a: no special abilities


You were on level 1 of the Dungeon.
You were not hungry.

You visited 1 branch of the dungeon, and saw 1 of its levels.

You collected 9 gold pieces.

Inventory:

Hand Weapons
 a - a +0 short sword (weapon)
Missiles
 c - 6 javelins (quivered)
 d - 2 throwing nets
Armour
 b - a +0 leather armour (worn)
Jewellery
 e - a ring of see invisible (left hand)
Comestibles
 f - a ration
 g - a chunk of flesh


   Skills:
 + Level 2.3 Fighting
 + Level 1.2 Short Blades
 - Level 3.6 Throwing
 - Level 1.5 Dodging
 - Level 1.2 Stealth


You had one spell level left.
You didn't know any spells.
Your spell library was empty.

Dungeon Overview and Level Annotations

Branches:
Dungeon (1/15)

Altars:


Innate Abilities, Weirdness & Mutations

You have extremely sharp teeth.
When hurt, damage is shared between your health and your magic reserves.
Your bite disrupts and absorbs the magic of your enemies.
Potions cannot restore your health.
You are immune to rotting.


Message History

You kill the bat!
You see here a bat corpse.
You butcher the bat corpse.
g - a chunk of flesh You see here a bat skeleton.
You start resting.
A jackal comes into view.
A goblin comes into view. It is wielding a +0 dagger.
The goblin shouts!
A leopard gecko comes into view.
A jackal comes into view.
The jackal barks!
The frilled lizard hisses angrily.
The hobgoblin shouts!
A dart slug comes into view.
A giant cockroach comes into view.
The hobgoblin hits you with a +0 club.
* * * LOW HITPOINT WARNING * * *
You see here a rat corpse.
The goblin hits you with a +0 dagger.
* * * LOW HITPOINT WARNING * * *
The hobgoblin hits you with a +0 club.
You die...

# ..#.#.#.#..##...h.#
..##.#...#.##........
....#..†..#.÷......# ##
#...<...######..#.#...
....#...l.#........#.#.##
. #.#...#l##......#....#
..#.#s#g#..##l...#....#
...#.#.#g#.#...#.........
..#(.#.#@#.?#............
.#.. ..#..#.)#.).........
#...#..#..#...#.......#.>
... ...#...#..†..........
....#.................
...................##.
................##
#######...........
########.##♣


You could see a leopard gecko, a giant cockroach, a hobgoblin and a goblin.

Vanquished Creatures
  2 dart slugs (D:1)
  A leopard gecko (D:1)
  2 bats (D:1)
  A hobgoblin (D:1)
  A frilled lizard (D:1)
  2 goblins (D:1)
  5 rats (D:1)
14 creatures vanquished.

Vanquished Creatures (others)
  A dart slug (D:1)
  A jackal (D:1)
  A rat (D:1)
3 creatures vanquished.

Grand Total: 17 creatures vanquished

Notes
Turn   | Place    | Note
-------+----------+-------------------------------------------
     0 | D:1      | nono the Vine Stalker Hunter began the quest for the Orb.
     0 | D:1      | Reached XP level 1. HP: 11/11 MP: 2/2
    52 | D:1      | Reached XP level 2. HP: 7/15 MP: 3/3
    56 | D:1      | Reached skill level 1 in Short Blades
   135 | D:1      | Slain by a hobgoblin

Levels and vault maps discovered:
D:1:      minmay_arrival_radiant_lines, layout_rooms, serial_forest,
          infiniplex_forest_corner_2, infiniplex_forest_zigzag_1,
          infiniplex_forest_end_double, infiniplex_forest_end_2,
          infiniplex_forest_clump_C, infiniplex_forest_lined_3_way,
          lemuel_another_geyser

Skill      XL: |  1  2 |
---------------+-------+-----
Fighting       | 2 |  2.3
Short Blades   | 1 |  1.2
Throwing       | |  3.6
Dodging        | |  1.5
Stealth        | |  1.2

Action                   || total
-------------------------++-------
Melee: Short sword       ||    49
       Bite              ||     9
Armor: Leather armour    ||    20
Dodge: Dodged            ||    51

Table legend:
 A = Non-vault XP
 B = Vault XP
 C = Vault XP percentage of total XP
 D = Non-vault monster count
 E = Vault monster count
 F = Vault count percentage of total count
                 A         B        C        D         E       F
            +---------+---------+-------+---------+---------+-------
      Total |      26 |       0 |   0.0 |      14 |       0 |   0.0
            +---------+---------+-------+---------+---------+-------
        D:1 |      26 |       0 |   0.0 |      14 |       0 |   0.0
            +---------+---------+-------+---------+---------+-------
